 Dungeon Crawl Stone Soup version 0.28-a0-1524-ge72afd5fc6 (webtiles) character file.

Game seed: 8028013289488768665

1442 Shayle the Covert (level 8, -1/78 HPs)
             Began as a Vampire Air Elementalist on Jan 17, 2022.
             Was an Initiate of Ashenzari.
             Slain by an orc (5 damage)
             ... on level 5 of the Dungeon.
             The game lasted 00:22:24 (6728 turns).

Shayle the Covert (Vampire Air Elementalist)        Turns: 6728, Time: 00:22:26

Health: -1/78      AC: 24    Str:  7    XL:     8   Next: 46%
Magic:  13/13      EV:  2    Int: 19    God:    Ashenzari [......]
Gold:   139        SH:  0    Dex: 15    Spells: 7/14 levels left

rFire   . . .      SeeInvis +   k - +3 trident (vorpal)
rCold   . . .      Faith    .   (no shield)
rNeg    . . .      Spirit   .   (armour currently unavailable)
rPois   +          Reflect  .   (helmet currently unavailable)
rElec   .          Harm     .   (cloak currently unavailable)
rCorr   .          Rampage  .   (gloves currently unavailable)
Will    .....      NoTele   +   (boots currently unavailable)
Stlth   +++++.....              (no amulet)
HPRegen 0.43/turn               (no ring)
MPRegen 0.13/turn               (no ring)

@: tree-form, healing quickly, invisible
A: stationary, stasis, torment immunity, boosted hp, alive, (fangs 3), see
invisible, vampiric 2
a: Exsanguinate, Renounce Religion, Curse Item


You were on level 5 of the Dungeon.
You worshipped Ashenzari.
Ashenzari was noncommittal.
You were a tree.
You visited 2 branches of the dungeon, and saw 7 of its levels.

You collected 187 gold pieces.
You spent 48 gold pieces at shops.

Inventory:

Hand Weapons
 k - a +3 vorpal trident (weapon)
 s - a +4 quarterstaff of chaos
 t - a +2 scythe of freezing
Armour
 a - a +0 robe
 g - a +2 robe of willpower (melded)
 q - a +0 cloak (melded)
Jewellery
 o - a ring of ice
 p - a ring of resist corrosion
Wands
 r - a wand of iceblast (5)
Scrolls
 d - a scroll of amnesia
 h - 4 scrolls of noise
 n - a scroll of vulnerability
 u - a scroll of immolation {unknown}
Potions
 b - a potion of degeneration
 e - a potion of resistance
 i - 2 potions of attraction
 j - a potion of flight


   Skills:
 + Level 4.4 Dodging
 - Level 12.2 Stealth
 + Level 3.7 Spellcasting
 + Level 2.6 Conjurations
 + Level 4.6 Air Magic


You had 7 spell levels left.
You knew the following spells:

 Your Spells              Type           Power      Damage    Failure   Level
a - Shock                 Conj/Air       68%        1d7       3%          1
b - Static Discharge      Conj/Air       17%        N/A       4%          2
c - Airstrike             Air            10%        N/A       22%         4

Your spell library contained the following spells:

 Spells                   Type           Power      Damage    Failure   Level
 Swiftness                Air            21%        N/A       6%          3
 Pain                     Necr           12%        1d4       14%         1
 Mephitic Cloud           Conj/Pois/Air  12%        N/A       16%         3
 Ignite Poison            Fire/Tmut/Pois 3%         N/A       38%         3
 Portal Projectile        Hex/Tloc       6%         N/A       38%         3
 Freezing Cloud           Conj/Ice/Air   6%         6-21      82%         5
 Agony                    Necr           3%         N/A       98%         5
 Blade Hands              Tmut           1%         N/A       98%         5
 Excruciating Wounds      Necr           1%         N/A       98%         5


Dungeon Overview and Level Annotations

Branches:
Dungeon (6/15)             Temple (1/1) D:4

Altars:
Ashenzari
Dithmenos
Elyvilon
Fedhas
Gozag
Kikubaaqudgha
Makhleb
Okawaru
Qazlal
Ru
Sif Muna
Trog
Uskayaw
Vehumet
Wu Jian
Xom
Yredelemnul

Shops:
D:4 ?

Annotations:
D:4 Dowan, Pikel
D:5 Blork the orc


Innate Abilities, Weirdness & Mutations

You are a tree.
Your roots penetrate the ground, keeping you stationary.
You cannot be teleported.
You are immune to unholy pain and torment.
Your maximum health is greatly increased.
Your equipment is partially melded.
Your natural rate of healing is accelerated.
((You have razor-sharp teeth.))
You have supernaturally acute eyesight. (SInv)
You are afflicted with vampirism and can become a bat while bloodless.


Message History

The orc misses you. The orc closely misses you.
You feel better.
The orc priest hits you but does no damage.
The orc hits you with a +0 mace. The orc hits you with a +0 falchion.
* * * LOW HITPOINT WARNING * * *
You barely miss the orc priest. You bite the orc priest.
The orc priest is severely wounded.
The orc priest calls down the wrath of Beogh upon you.
You easily resist.
The orc misses you. The orc barely misses you.
Okay, then.
Okay, then.
You hit the orc priest but do no damage.
The orc priest is severely wounded.
The orc priest hits you but does no damage.
The orc hits you but does no damage. The orc hits you with a +0 falchion.
* * * LOW HITPOINT WARNING * * *
The orc priest calls down the wrath of Beogh upon you.
You easily resist.
It was a potion of invisibility.
You fade into invisibility!
The orc hits you with a +0 mace.
* * * LOW HITPOINT WARNING * * *
The orc misses you. The orc priest barely misses you.
It was a potion of lignification.
You turn into a tree.
Your +0 cloak melds into your body.
Your +2 robe of willpower melds into your body.
You feel less strong-willed.
Your roots penetrate the ground.
The orc hits you with a +0 mace.
* * * LOW HITPOINT WARNING * * *
The orc hits you but does no damage. The orc priest barely misses you.
It was a potion of magic.
Magic courses through your body. The orc hits you but does no damage.
The orc barely misses you.
The orc priest hits you but does no damage.
You catch the helpless orc priest completely off-guard!
You hit the orc priest.
The orc priest is almost dead.
The orc hits you but does no damage. x2
The orc priest hits you but does no damage.
The orc hits you but does no damage. The orc hits you with a +0 falchion.
You die...

############################
.#..............o..........#
.#..............♣o.........#
.#...............o.........#
.###..#######....###..######
.###..####.##....###..##...######
...#....#........#....#..........
...'....#........#....#..........
...#....#........#....#..........
####....##.......#....'..........
...#######.......#o...#..........


You could see an orc priest and 2 orcs.

Vanquished Creatures
  An unseen horror (D:5)
  Grinder (D:3)
  Sigmund (D:2)
  A black bear (D:5)
  A necrophage (D:5)
  An ogre (D:3)
  2 scorpions
  A water moccasin skeleton (D:5)
  2 orc priests (D:3)
  Crazy Yiuf (D:2)
  Jessica (D:2)
  An iguana (D:4)
  An orc wizard (D:4)
  7 gnolls
  4 adders
  An ufetubus (D:4)
  An adder zombie (D:5)
  An adder skeleton (D:4)
  4 worms
  5 dart slugs
  10 orcs
  6 ball pythons
  12 endoplasms
  6 giant cockroaches
  5 goblins
  3 hobgoblins
  5 jackals
  5 quokkas
  10 bats
  4 frilled lizards
  5 kobolds
  4 rats
113 creatures vanquished.

Notes
Turn   | Place    | Note
-------+----------+-------------------------------------------
     0 | D:1      | Shayle the Vampire Air Elementalist began the quest for the
                  | Orb.
     0 | D:1      | Reached XP level 1. HP: 13/13 MP: 3/3
   412 | D:1      | Reached skill level 4 in Stealth
   412 | D:1      | Reached XP level 2. HP: 15/19 MP: 3/5
   811 | D:1      | Reached skill level 5 in Stealth
  1110 | D:1      | Found a faded altar of an unknown god.
  1391 | D:2      | Found a shadowy altar of Dithmenos.
  1392 | D:2      | Noticed Sigmund
  1454 | D:2      | Learned a level 2 spell: Static Discharge
  1488 | D:2      | Gained mutation: You are afflicted with vampirism and can
                  | become a bat while bloodless. [Vampire growth]
  1488 | D:2      | Reached XP level 3. HP: 24/24 MP: 4/6
  1744 | D:2      | Reached skill level 6 in Stealth
  1837 | D:2      | Noticed Jessica
  1841 | D:2      | Killed Jessica
  1882 | D:2      | Reached XP level 4. HP: 30/30 MP: 2/7
  1944 | D:2      | Reached skill level 7 in Stealth
  2066 | D:2      | Found a runed translucent door.
  2067 | D:2      | Noticed Crazy Yiuf
  2322 | D:2      | Learned a level 4 spell: Airstrike
  3045 | D:3      | Reached skill level 8 in Stealth
  3267 | D:3      | Reached XP level 5. HP: 32/35 MP: 8/8
  3414 | D:3      | Noticed an ogre
  3448 | D:4      | Reached skill level 9 in Stealth
  3534 | D:4      | Noticed Grinder
  3999 | D:3      | Reached XP level 6. HP: 36/41 MP: 9/9
  4028 | D:3      | Reached skill level 10 in Stealth
  4211 | D:3      | Killed Grinder
  4212 | D:3      | Reached skill level 11 in Stealth
  4212 | D:3      | Reached XP level 7. HP: 20/46 MP: 10/10
  4320 | D:4      | Found Goin Pyxzi's Magic Scroll Shoppe.
  4330 | D:4      | Reached skill level 12 in Stealth
  4399 | D:4      | Bought a scroll of teleportation for 36 gold pieces
  4399 | D:4      | Bought a scroll of noise for 12 gold pieces
  4452 | D:4      | Found a hide-covered altar of Uskayaw.
  4682 | D:4      | Found a staircase to the Ecumenical Temple.
  4694 | Temple   | Entered the Ecumenical Temple
  4760 | Temple   | Became a worshipper of Ashenzari the Shackled
  4833 | D:4      | Noticed Pikel
  4893 | D:4      | Noticed Dowan
  5301 | D:2      | Killed Crazy Yiuf
  5487 | D:2      | Killed Sigmund
  5488 | D:2      | Reached skill level 1 in Conjurations
  5709 | D:5      | Entered Level 5 of the Dungeon
  5786 | D:5      | Noticed Blork the orc
  5913 | D:5      | Reached XP level 8. HP: 38/52 MP: 12/12
  6030 | D:5      | Noticed an unseen horror
  6472 | D:5      | Killed an unseen horror
  6726 | D:5      | HP: 3/78 [orc (2)]
  6728 | D:5      | Slain by an orc

Illustrated notes

Levels and vault maps discovered:
D:1:      dpeg_arrival_snail, layout_basic, shapermc_ecumenical_altar_petra
D:2:      layout_rooms, basic_altar, item_on_display_a, uniq_jessica,
          uniq_crazy_yiuf_cottage, uniq_sigmund
D:3:      layout_loops_ring, kennysheep_generic_room_11
D:4:      layout_loops_ring, eat_drink_and_be_merry_uskayaw,
          minmay_temple_entry_hall, serial_shops, nicolae_shop_crystal,
          kennysheep_generic_room_12, uniq_duvessa, uniq_pikel, uniq_grinder
D:5:      layout_gridville, mainiacjoe_overflow_concentric_impassable,
          uniq_menkaure, uniq_blork_the_orc
D:6:      layout_rooms, tso_metal_star
Temple:   compressed_dpeg_circular_temple

Skill      XL: |  1  2  3  4  5  6  7  8 |
---------------+-------------------------+-----
Stealth        | 4 5 6 8 9 11 12 | 12.2
Conjurations   | 1 2 |  2.6
Dodging        | 3 4 |  4.4
Spellcasting   | 3 |  3.7
Air Magic      | 4 |  4.6

Action                   |  1- 3 |  4- 6 |  7- 9 || total
-------------------------+-------+-------+-------++-------
Melee: Unarmed           |    18 |     5 |       ||    23
       Trident           |       |   108 |   123 ||   231
       Bite              |       |    19 |    21 ||    40
Throw: Throwing net      |       |     1 |     3 ||     4
 Cast: Shock             |    76 |    58 |     4 ||   138
Evoke: Wand              |       |       |     2 ||     2
  Use: Potion            |       |     4 |     4 ||     8
       Scroll            |       |     7 |     3 ||    10
 Stab: Sleeping          |     1 |     5 |    12 ||    18
       Held in net/web   |       |       |     2 ||     2
       Invisible         |       |       |     1 ||     1
Armor: Robe              |    14 |    24 |    34 ||    72
       Skin              |       |       |     7 ||     7
Dodge: Dodged            |    31 |   109 |    94 ||   234

Table legend: (Time is in decaauts)
 A = Elapsed time spent in this place.
 B = Non-inter-level travel time spent in this place.
 C = Inter-level travel time spent in this place.
 D = Time resting spent in this place.
 E = Time spent auto-exploring this place.
 F = Levels seen in this place.
 G = Mean time per level.
                   A        B        C        D        E       F      G
               +--------+--------+--------+--------+--------+-----+--------+
         Total |   6800 |   6286 |    514 |   1621 |   2720 |   7 |  971.4 |
       Dungeon |   6722 |   6208 |    514 |   1621 |   2677 |   6 | 1120.3 |
        Temple |     77 |     77 |      0 |      0 |     43 |   1 |   77.0 |
               +--------+--------+--------+--------+--------+-----+--------+

Top non-repeatable levels by time:
     D:2: 2195 daAuts
     D:3: 1423 daAuts
     D:1: 1224 daAuts
     D:5: 1010 daAuts
     D:4: 836 daAuts
  Temple: 77 daAuts
     D:6: 32 daAuts
